 Dungeon Crawl Stone Soup version 0.32-a0-868-g153ae1a8d6 (webtiles) character file.

Game seed: 10960720105478704386

755 zenocrate the Insei (level 7, 0/50 HPs)
             Began as an Octopode Earth Elementalist on Mar 28, 2024.
             Slain by an adder (2 damage)
             ... in a sewer.
             The game lasted 00:03:26 (3668 turns).

zenocrate the Insei (Octopode Earth Elementalist)   Turns: 3668, Time: 00:03:27

Health: 0/50       AC:  1    Str: 10    XL:     7   Next: 79%
Magic:  10/10      EV:  2    Int: 17    God:
Gold:   220        SH:  0    Dex: 12    Spells: 4/10 levels left

rFire   . .          .
                       - Unarmed
rCold   + . .        (no shield)
rNeg    . . .        (helmet restricted)
rPois   +            c - amulet of regeneration
rElec   .            j - ring of poison resistance
rCorr   .            h - ring of protection from cold
SInv    .            (no ring)
Will    .....        (no ring)
Stlth   ++++         (no ring)
HPRegen 1.08/turn    (no ring)
MPRegen 0.12/turn    (no ring)
                     (no ring)

%: no passive effects
@: constricted
A: almost no armour, amphibious, 8 rings, camouflage 1, gelatinous body 1,
nimble swimmer 1, tentacles
a: no special abilities


You were in a sewer.
You visited 1 branch of the dungeon, and saw 5 of its levels.
You also visited: Sewer.

You collected 220 gold pieces.

Inventory:

Armour
 k - an orb of guile
Jewellery
 c - an amulet of regeneration (around mantle)
 h - a ring of protection from cold (right tentacle)
 j - a ring of poison resistance (left tentacle)
Wands
 i - a wand of acid (6)
 m - a wand of warping (12)
Scrolls
 b - a scroll of revelation {unknown}
 d - 2 scrolls of poison
 g - a scroll of vulnerability
 l - a scroll of immolation
 p - a scroll of enchant armour
Potions
 a - a potion of magic
 e - a potion of mutation
 f - 3 potions of curing
 n - 2 potions of degeneration {unknown}
 o - a potion of attraction {unknown}


   Skills:
 + Level 5.5 Fighting
 - Level 2.0 Dodging
 - Level 2.6 Stealth
 + Level 5.9 Unarmed Combat
 - Level 2.0 Spellcasting
 - Level 1.0 Conjurations
 - Level 3.0 Earth Magic


You had 4 spell levels left.
You knew the following spells:

 Your Spells              Type           Power      Damage    Failure   Level
a - Stone Arrow           Conj/Erth      16%        3d8       26%         3
b - Sandblast             Erth           22%        2d7       5%          1
x - Blink                 Tloc           2%         N/A       28%         2

Your spell library contained the following spells:

 Spells                   Type           Power      Damage    Failure   Level
 Passwall                 Erth           11%        N/A       17%         3
 Momentum Strike          Conj/Tloc      6%         3d8       24%         2
 Ensorcelled Hibernation  Hex/Ice        2%         N/A       28%         2
 Lesser Beckoning         Tloc           2%         N/A       28%         2
 Swiftness                Air            1%         N/A       50%         3
 Brom's Barrelling Bould  Conj/Erth      8%         2d3       63%         4
 Petrify                  Alch/Erth      6%         N/A       71%         4


Dungeon Overview and Level Annotations

Branches:
Dungeon (5/15)              Sewer (1/1)
 Temple: D:4-7

Altars:
Fedhas
Uskayaw

Annotations:
D:4 2 transporters, osoart's ghost, amateur DESu


Innate Abilities, Weirdness & Mutations

You cannot wear most types of armour.
You are amphibious.
You can wear up to eight rings at the same time.
Your skin changes colour to match your surroundings (Stealth+).
Your rubbery body absorbs attacks. (AC +1, EV +1)
You are camouflaged when in or above water. (Stealth+)
You have tentacles for arms and can constrict up to eight enemies at once.


Message History

The ball python constricts you.
There are monsters nearby!
You barely miss the ball python.
The bullfrog croaks.
The adder hisses angrily.
Your grab misses the ball python.
You hear an angry hiss.
The ball python loses its grip on you.
You barely miss the adder. Your grab misses the adder.
The adder barely misses you. x2; The ball python barely misses you.
The ball python misses you.
You tentacle-slap the adder. You grab the adder.
The adder is moderately wounded.
You constrict the adder. The ball python bites you.
The ball python closely misses you. The adder misses you. The adder bites you.
The ball python bites you. The ball python grabs you.
The ball python constricts you.
The ball python's grasp on you weakens, but your attempt to escape fails.
You constrict the adder!
You kill the adder!
The bullfrog hits you. The adder bites you. The bullfrog hits you!
The bullfrog barely misses you.
You bludgeon the ball python!
You kill the ball python!
The adder bites you. The bullfrog hits you! The bullfrog misses you.
The ball python bites you. The ball python grabs you.
The ball python constricts you.
* * * LOW HITPOINT WARNING * * *
The adder bites you.
* * * LOW HITPOINT WARNING * * *
The adder bites you.
* * * LOW HITPOINT WARNING * * *
Okay, then.
You feel better. The bullfrog hits you!
* * * LOW HITPOINT WARNING * * *
The adder bites you.
* * * LOW HITPOINT WARNING * * *
The bullfrog hits you.
* * * LOW HITPOINT WARNING * * *
The adder bites you.
You die...

......##
.......#
+......#
#......##
#......#
##......#
#......#
###~~~~##
#.~~~~.#
##≈≈~~~≈#
#~≈#J≈~#
#≈≈≈≈~≈#
#~~~≈≈~#
#≈≈~≈~~#
#SFS~~≈#
#≈≈~~≈~#
#S@S~~≈#
#≈~~~≈≈#
#≈~F~≈≈#
#~≈≈~≈≈#
#≈≈≈≈~≈#
#~~≈~≈≈#
#≈≈≈~.≈#
#≈~~~~≈#
#≈≈≈~.≈#
#~~.(~≈#
#≈≈≈#~≈#
##~~~~≈#
#≈≈≈~#≈#
#≈≈~~~~#
#≈~~~~≈#
#≈≈≈~~~#
#≈~~~≈≈#


You could see 2 bullfrogs, 3 adders, an endoplasm and a ball python.

Vanquished Creatures
  An ogre (D:4)
  2 phantoms
  2 scorpions (D:4)
  4 killer bees (D:4)
  A howler monkey (D:4)
  An iguana (D:4)
  8 adders
  2 river rats (Sewer)
  2 dart slugs
  3 ribbon worms
  2 orcs
  5 endoplasms
  7 giant cockroaches
  3 quokkas
  8 ball pythons
  3 bats
  7 frilled lizards
  5 goblins
  8 kobolds
  30 rats
104 creatures vanquished.

Notes
Turn   | Place    | Note
-------+----------+-------------------------------------------
     0 | D:1      | zenocrate the Octopode Earth Elementalist began the quest
                  | for the Orb.
     0 | D:1      | Reached XP level 1. HP: 11/11 MP: 3/3
   218 | D:1      | Reached skill level 1 in Unarmed Combat
   398 | D:1      | Reached XP level 2. HP: 17/17 MP: 3/5
   663 | D:1      | Learned a level 2 spell: Blink
   974 | D:2      | Reached skill level 1 in Fighting
   974 | D:2      | Reached XP level 3. HP: 22/23 MP: 6/6
   978 | D:2      | Learned a level 3 spell: Stone Arrow
  1486 | D:3      | Noticed a phantom
  1495 | D:3      | Killed a phantom
  1496 | D:3      | Reached XP level 4. HP: 29/30 MP: 5/7
  1496 | D:3      | Reached XP level 5. HP: 34/35 MP: 5/8
  2301 | D:4      | Noticed a phantom
  2322 | D:4      | Killed a phantom
  2490 | D:4      | Found a transporter.
  2495 | D:4      | Noticed osoart's ghost (amateur DESu)
  2525 | D:4      | Found a transporter.
  2543 | D:4      | Reached XP level 6. HP: 30/43 MP: 9/9
  2780 | D:4      | Reached skill level 5 in Unarmed Combat
  2780 | D:4      | Reached XP level 7. HP: 40/49 MP: 7/10
  2935 | D:4      | Found a hide-covered altar of Uskayaw.
  2982 | D:4      | Reached skill level 5 in Fighting
  3422 | D:5      | Entered Level 5 of the Dungeon
  3463 | D:5      | Found a blossoming altar of Fedhas.
  3479 | D:5      | Found a glowing drain.
  3483 | Sewer    | Entered a sewer
  3668 | Sewer    | HP: 2/50 [bullfrog (5)]
  3668 | Sewer    | Slain by an adder

Illustrated notes

Levels and vault maps discovered:
D:1:      ebering_trefoil_3fold, layout_basic
D:2:      layout_loops_ring, lexackson_kobold_supper
D:3:      layout_basic, minivault_19
D:4:      layout_basic, old_standard_altar, gammafunk_ghost_stat_death
D:5:      layout_basic, fedhas_altar_3, zin_purify, lemuel_crystal_altar,
          gup_sewer_entry_bowl
Sewer:    sewer_minmay_w

Skill      XL: |  1  2  3  4  5  6  7 |
---------------+----------------------+-----
Unarmed Combat | 1 2 3 4 5 |  5.9
Fighting       | 1 2 3 4 5 |  5.5
Dodging        | |  2.0
Stealth        | |  2.6
Spellcasting   | |  2.0
Conjurations   | |  1.0
Earth Magic    | |  3.0

Action                     |  1- 3 |  4- 6 |  7- 9 || total
---------------------------+-------+-------+-------++-------
  Melee: Unarmed           |    56 |    56 |    73 ||   185
         Tentacles         |    12 |    11 |    11 ||    34
         Constrict         |    12 |     8 |    18 ||    38
         Punch             |       |     1 |     2 ||     3
   Cast: Sandblast         |    17 |    10 |     3 ||    30
         Stone Arrow       |       |       |     2 ||     2
    Use: Scroll            |       |     4 |     4 ||     8
         Potion            |       |     1 |     1 ||     2
   Stab: Sleeping          |    10 |     4 |     3 ||    17
 Armour: Skin              |    27 |    46 |    57 ||   130
  Dodge: Dodged            |    36 |    20 |    49 ||   105

Table legend: (Time is in decaauts)
 A = Elapsed time spent in this place.
 B = Non-inter-level travel time spent in this place.
 C = Inter-level travel time spent in this place.
 D = Time resting spent in this place.
 E = Time spent auto-exploring this place.
 F = Levels seen in this place.
 G = Mean time per level.
                   A        B        C        D        E       F      G
               +--------+--------+--------+--------+--------+-----+--------+
         Total |   3668 |   3476 |    192 |      0 |   2845 |   6 |  611.3 |
       Dungeon |   3488 |   3296 |    192 |      0 |   2758 |   5 |  697.6 |
         Sewer |    179 |    179 |      0 |      0 |     87 |   1 |  179.0 |
               +--------+--------+--------+--------+--------+-----+--------+

Top non-repeatable levels by time:
     D:4: 1118 daAuts
     D:2: 817 daAuts
     D:3: 817 daAuts
     D:1: 675 daAuts
   Sewer: 179 daAuts
     D:5: 60 daAuts
